 Dungeon Crawl Stone Soup version 0.30.1-9-gdf580d7c3d (webtiles) character file.

Game seed: 12603283124766687474

62323 wingedge the Unseen (level 15, -3/148 HPs)
             Began as a Kobold Berserker on Sept 28, 2023.
             Was a High Priest of Trog.
             Slain by an orc warrior
             ... wielding a +0 scimitar
              (13 damage)
             ... on level 2 of the Orcish Mines.
             The game lasted 01:50:15 (30481 turns).

wingedge the Unseen (Kobold Berserker)             Turns: 30481, Time: 01:50:16

Health: -3/148     AC: 11    Str: 18    XL:     15   Next: 45%
Magic:  0/15       EV: 30    Int: 15    God:    Trog [*****.]
Gold:   1701       SH:  0    Dex: 23    Spells: 14/14 levels left

rFire   + + .        b - +7 whip of Zotomum {speed, Fly rF+ Dex+4}
rCold   + . .        (no shield)
rNeg    . . .        P - +2 robe {rC+ rF+}
rPois   .            T - +2 hat {SInv}
rElec   .            X - +0 cloak
rCorr   +            N - +1 pair of gloves {infuse}
SInv    +            U - +0 pair of boots
Will    ++...        Q - amulet of faith Stlth
                     w - ring of willpower
HPRegen 0.44/turn    K - ring of Opaew {rCorr EV+5 Str+2 Int+5}
MPRegen 0.14/turn

%: faith
@: berserking (expiring), lethally poisoned (-3 -> -4), flying, very quick
A: small, no large weapons, nightstalker 3
a: Renounce Religion, Berserk, Trog's Hand, Brothers in Arms


You were on level 2 of the Orcish Mines.
You worshipped Trog.
Trog was extremely pleased with you.
You visited 4 branches of the dungeon, and saw 20 of its levels.
You also visited: Ossuary and Gauntlet.

You collected 1701 gold pieces.

Inventory:

Hand Weapons
 a - a +2 dagger of speed
 b - the +7 whip of Zotomum (weapon) {speed, Fly rF+ Dex+4}
   (You found it on level 10 of the Dungeon)

   Dex:       It affects your dexterity (+4).
   rF:        It protects you from fire.
   Fly:       It grants you flight.
 c - a +2 flail of draining
 d - a +2 antimagic morningstar
 v - a +2 short sword of venom
Missiles
 g - 20 poisoned darts
 C - a curare-tipped dart (quivered)
Armour
 N - a +1 pair of gloves of infusion (worn)
 P - a +2 robe of resistance (worn)
 T - a +2 hat of see invisible (worn)
 U - a +0 pair of boots (worn)
 X - a +0 cloak (worn)
 Y - a +2 leather armour of willpower
Jewellery
 f - the ring "Otharaa" {Fly rCorr MP+9 Str+2 Dex-4}
   (You found it in a Gauntlet)

   [ring of resist corrosion]

   Str:       It affects your strength (+2).
   Dex:       It affects your dexterity (-4).
   MP:        It affects your magic capacity (+9).
   Fly:       It grants you flight.
   rCorr:     It protects you from acid and corrosion.
 o - a ring of ice
 s - a ring of see invisible
 w - a ring of willpower (left hand)
 K - the ring of Opaew (right hand) {rCorr EV+5 Str+2 Int+5}
   (You found it on level 5 of the Lair of Beasts)

   [ring of evasion]

   EV:        It affects your evasion (+5).
   Str:       It affects your strength (+2).
   Int:       It affects your intelligence (+5).
   rCorr:     It protects you from acid and corrosion.
 Q - an amulet of faith (around neck)
Wands
 q - a wand of digging (6)
 L - a wand of flame (34)
 M - a wand of roots (27)
 O - a wand of mindburst (5)
 R - a wand of charming (27)
 W - a wand of light (4)
Scrolls
 e - 2 scrolls of fear
 h - 7 scrolls of teleportation
 m - 3 scrolls of immolation
 n - 3 scrolls of butterflies
 t - 7 scrolls of fog
 y - 2 scrolls of magic mapping
 B - 3 scrolls of blinking
 F - 2 scrolls of poison
 Z - a scroll of enchant weapon
Potions
 i - 17 potions of curing
 j - 6 potions of heal wounds
 l - 4 potions of haste
 p - 3 potions of flight
 r - 3 potions of berserk rage
 u - a potion of cancellation {unknown}
 x - 3 potions of mutation
 z - 2 potions of lignification {unknown}
 A - 4 potions of magic
 D - 3 potions of ambrosia
 H - 3 potions of invisibility
 I - 3 potions of attraction
 J - 2 potions of might
 S - a potion of resistance {unknown}
Miscellaneous
 k - a phial of floods
 G - a phantom mirror (inert)


   Skills:
 * Level 13.2 Fighting
 - Level 11.0 Short Blades
 * Level 11.5 Maces & Flails
 - Level 5.0 Throwing
 - Level 6.0 Armour
 - Level 12.0 Dodging
 + Level 16.0 Stealth
 + Level 8.6 Evocations


You had 14 spell levels left.
You didn't know any spells.
Your spell library contained the following spells:

 Spells                   Type           Power      Damage    Failure   Level
 Apportation              Tloc           0%         N/A       26%         1
 Necrotise                Necr           0%         1d4       26%         1
 Slow                     Hex            0%         N/A       26%         1
 Sting                    Tmut/Pois      0%         1d3       26%         1
 Summon Small Mammal      Summ           0%         N/A       26%         1
 Blink                    Tloc           0%         N/A       38%         2
 Cigotuvi's Dreadful Rot  Necr/Pois/Air  0%         N/A       38%         2
 Lesser Beckoning         Tloc           0%         N/A       38%         2
 Momentum Strike          Conj/Tloc      0%         3d8       38%         2
 Poisonous Vapours        Pois/Air       0%         N/A       38%         2
 Call Canine Familiar     Summ           0%         N/A       63%         3
 Confusing Touch          Hex            0%         N/A       63%         3
 Gell's Gravitas          Tloc           0%         N/A       63%         3
 Ignite Poison            Fire/Tmut/Pois 0%         N/A       63%         3
 Summon Guardian Golem    Hex/Summ       0%         N/A       63%         3
 Teleport Other           Tloc           0%         N/A       63%         3
 Vampiric Draining        Necr           0%         2d6       63%         3
 Manifold Assault         Tloc           0%         N/A       95%         4
 Olgreb's Toxic Radiance  Pois           0%         N/A       95%         4
 Agony                    Necr           0%         N/A       100%        5
 Alistair's Intoxication  Tmut/Pois      0%         N/A       100%        5
 Freezing Cloud           Conj/Ice/Air   0%         6-21      100%        5
 Storm Form               Tmut/Air       0%         N/A       100%        7


Dungeon Overview and Level Annotations

Branches:
Dungeon (12/15)            Temple (1/1) D:5            Lair (5/5) D:10
 Shoals (0/4) Lair:2       Spider (0/4) Lair:3        Slime (0/5) Lair:4
    Orc (2/2) D:12        Ossuary (visited)         Gauntlet (visited)
    Elf: Orc:2

Altars:
Ashenzari
Cheibriados
Dithmenos
Elyvilon
Fedhas
Gozag
Hepliaklqana
Kikubaaqudgha
Makhleb
Nemelex Xobeh
Okawaru
Qazlal
Ru
Sif Muna
Trog
Uskayaw
Vehumet
Wu Jian
Xom
Yredelemnul
Zin
The Shining One
Jiyva

Shops:
D:2 :   D:6 (   D:9 :

Annotations:
D:1 get to ++++ stealth, then make it to ring mail-level | will want a buckler
D:2 main problem - high AC enemies and ranged
D:10 exclusion: obsidian statue
Lair:2 2 transporters - Need rPois
Lair:3 want 8 pips stealth


Innate Abilities, Weirdness & Mutations

You are small and have problems with some larger weapons.
You are completely attuned to the shadows.


Message History

You hear a howl!
You whack the orc priest!
The orc priest is almost dead.
You feel sick.
You whack the orc priest!
You kill the orc priest!
Trog accepts your kill.
Donald hits the orc with a +2 heavy broad axe!!
The orc dies!
Trog accepts your kill.
Donald hits the orc warrior but does no damage.
You closely miss the orc.
You feel sick. The orc warrior completely misses you.
The orc completely misses you.
The orc warrior hits you but does no damage.
You closely miss the orc. You whack the orc!
You kill the orc!
Trog accepts your kill.
You thrash the orc warrior!!
The orc warrior is severely wounded.
You feel sick.
An orc wizard comes into view. It is wielding a +0 dagger.
The orc closely misses you. The orc warrior completely misses you.
The orc warrior hits you with a +0 trident of venom!
* * * LOW HITPOINT WARNING * * *
The orc wizard shouts!
You whack the orc warrior!
You kill the orc warrior!
Trog accepts your kill.
Your life force feels restored.
You swap places.
Donald shimmers and vanishes!
Things that are here:
a +0 club; an orc corpse You whack the orc warrior!
The orc warrior is moderately wounded.
You feel sick.
An orc comes into view. It is wielding a +0 dagger.
The orc warrior hits you with a +0 scimitar!
You die...

.........$..
......$.....
.........$..
.............
.#........o.o
.............
........oo...
.......).....
.......)@o...
.........).#..
......#........
.....##........
#.....#........
.#.............
####.#.##..#..
#####....#
##.....##


You could see an orc warrior, an orc wizard and 3 orcs.

Vanquished Creatures
  Donald (Orc:2)
  The ghost of fleeber the Fighter, a journeyman DjFE of Makhleb (Lair:2)
  A fire dragon (Lair:5)
  An ogre mage (Orc:1)
  12 death yaks
  5 two-headed ogres
  3 skysharks
  Urug (Lair:1)
  A swamp dragon (Lair:5)
  2 lindwurms (Lair:4)
  Pikel (D:6)
  2 ugly things
  2 oklob plants (D:10)
  A manticore (Lair:2)
  An orc sorcerer (Orc:1)
  A cyclops (D:12)
  5 elephants
  2 black mambas
  Joseph (D:7)
  A torpor snail (Lair:5)
  A molten gargoyle (Lair:1)
  A minotaur zombie (Gauntlet)
  3 gargoyles
  Maggie (D:7)
  12 cane toads
  2 unseen horrors (D:11)
  8 komodo dragons
  3 rime drakes (Lair:5)
  A kobold demonologist (D:11)
  A meliai (Lair:3)
  2 polar bears
  A tyrant leech (Gauntlet)
  5 trolls
  A wind drake (Lair:2)
  Prince Ribbit (D:6)
  Grinder (D:4)
  2 hornets
  14 blink frogs
  2 dream sheep (Lair:5)
  5 slime creatures (D:12)
  57 yaks
  3 wyverns
  6 basilisks
  3 wraiths
  A shadow (D:12)
  3 large abominations (Gauntlet)
  3 steam dragons
  4 vampire mosquitoes (D:12)
  Edmund (D:6)
  3 wargs
  An acid dragon (Lair:5)
  3 swamp worms (Gauntlet)
  A floating eye (Orc:1)
  14 water moccasins
  12 orc warriors
  3 ice beasts
  A sky beast (D:8)
  2 swamp drakes (Lair:5)
  3 black bears
  7 ogres
  17 wolves
  9 centaurs
  3 kobold brigands
  A gnoll sergeant (D:8)
  11 bullfrogs
  4 scorpions
  3 small abominations (Gauntlet)
  5 wights (D:9)
  14 killer bees
  3 howler monkeys
  3 electric eels
  2 jellies
  13 orc priests
  2 gnoll boudas
  4 hounds
  5 iguanas
  10 orc wizards
  3 mummies (Ossuary)
  14 gnolls
  12 adders
  2 shadow imps
  2 white imps
  3 worms
  5 dart slugs
  35 orcs
  5 endoplasms
  8 giant cockroaches
  5 goblins
  6 hobgoblins
  6 jackals
  4 quokkas
  9 ball pythons
  6 bats
  5 frilled lizards
  3 goblin zombies
  2 hobgoblin zombies (Ossuary)
  32 kobolds
  2 kobold zombies (Ossuary)
  An orc zombie (Ossuary)
  6 rats
  A rat zombie (D:7)
529 creatures vanquished.

Vanquished Creatures (collateral kills)
  A minotaur (Gauntlet)
  2 elephants (Lair:3)
  A minotaur zombie (Gauntlet)
  A hornet (D:8)
  2 blink frogs (Lair:3)
  An orc (Orc:2)
  2 kobolds (D:8)
10 creatures vanquished.

Vanquished Creatures (others)
  A butterfly (Lair:2)
  A fire vortex (Lair:1)
2 creatures vanquished.

Grand Total: 541 creatures vanquished

Notes
Turn   | Place    | Note
-------+----------+-------------------------------------------
     0 | D:1      | wingedge the Kobold Berserker began the quest for the Orb.
     0 | D:1      | Reached XP level 1. HP: 14/14 MP: 1/1
    67 | D:1      | Reached skill level 1 in Stealth
    81 | D:1      | Reached skill level 2 in Stealth
   136 | D:1      | Reached XP level 2. HP: 19/19 MP: 2/2
   491 | D:1      | Reached ** piety under Trog
   546 | D:1      | Reached XP level 3. HP: 23/23 MP: 3/3
   766 | D:1      | Reached skill level 3 in Stealth
  1225 | D:2      | Reached XP level 4. HP: 26/28 MP: 4/4
  1584 | D:2      | Found a faded altar of an unknown god.
  1664 | D:2      | Found Atsecur's Book Boutique.
  2105 | D:3      | Reached skill level 4 in Stealth
  2182 | D:3      | Reached *** piety under Trog
  2201 | D:3      | Reached XP level 5. HP: 33/33 MP: 5/5
  2509 | D:4      | Noticed Grinder
  2518 | D:4      | Killed Grinder
  2519 | D:4      | Reached skill level 5 in Short Blades
  2519 | D:4      | Reached skill level 5 in Stealth
  2519 | D:4      | Reached XP level 6. HP: 39/39 MP: 6/6
  2527 | D:4      | Reached XP level 7. HP: 44/44 MP: 7/7
  2986 | D:4      | Reached skill level 6 in Stealth
  3111 | D:4      | Found a shadowy altar of Dithmenos.
  3329 | D:4      | Found a broken altar of Ashenzari.
  3659 | D:5      | Entered Level 5 of the Dungeon
  3670 | D:5      | Reached skill level 5 in Fighting
  3933 | D:5      | Reached XP level 8. HP: 35/50 MP: 8/8
  4017 | D:5      | Reached skill level 7 in Stealth
  4101 | D:5      | Found a staircase to the Ecumenical Temple.
  4113 | Temple   | Entered the Ecumenical Temple
  4449 | D:5      | Found a basalt altar of Yredelemnul.
  4905 | D:5      | Reached skill level 8 in Stealth
  5021 | D:5      | Reached XP level 9. HP: 56/56 MP: 9/9
  5184 | D:5      | Found a blossoming altar of Fedhas.
  5203 | D:5      | Found a radiant altar of Vehumet.
  6047 | D:6      | Found Wurerhass's Weapon Shop.
  6210 | D:6      | Reached skill level 10 in Short Blades
  6268 | D:6      | Noticed Prince Ribbit
  6268 | D:6      | Noticed Pikel
  6390 | D:6      | Killed Pikel
  6391 | D:6      | Reached skill level 5 in Dodging
  6391 | D:6      | Reached skill level 9 in Stealth
  6399 | D:6      | Killed Prince Ribbit
  6607 | D:6      | Reached XP level 10. HP: 63/63 MP: 10/10
  6634 | D:6      | Found a bloodstained altar of Trog.
  6772 | D:6      | Noticed Edmund
  6776 | D:6      | Killed Edmund
  6777 | D:6      | Reached skill level 1 in Maces & Flails
  7134 | D:7      | Noticed a two-headed ogre
  7156 | D:7      | Killed a two-headed ogre
  7157 | D:7      | Reached skill level 10 in Stealth
  7223 | D:7      | Found a sand-covered staircase.
  7263 | Ossuary  | Entered an ossuary
  7513 | Ossuary  | Reached **** piety under Trog
  7694 | D:7      | Noticed Maggie
  7698 | D:7      | Killed Maggie
  8060 | D:7      | Noticed Joseph
  8064 | D:7      | Killed Joseph
  8165 | D:7      | Reached skill level 1 in Evocations
  9238 | D:8      | Reached XP level 11. HP: 69/69 MP: 11/11
  9398 | D:8      | Reached skill level 11 in Stealth
  9403 | D:8      | Paralysed by a hornet for 2 turns
 10769 | D:9      | Reached skill level 5 in Armour
 11491 | D:9      | Found Ahitish's Book Emporium.
 11543 | D:9      | Paralysed by a hornet for 1 turns
 11914 | D:9      | Noticed a two-headed ogre
 11946 | D:9      | Killed a two-headed ogre
 12873 | D:9      | Found an iron altar of Okawaru.
 13312 | D:10     | Entered Level 10 of the Dungeon
 13336 | D:10     | Noticed an obsidian statue
 13341 | D:10     | Noticed a sixfirhy
 13751 | D:10     | Reached skill level 12 in Stealth
 13881 | D:10     | Reached skill level 5 in Evocations
 13881 | D:10     | Reached XP level 12. HP: 46/76 MP: 12/12
 13986 | D:10     | Found a sparkling altar of Nemelex Xobeh.
 14024 | D:10     | Noticed a two-headed ogre
 14028 | D:10     | Killed a two-headed ogre
 14029 | D:10     | Reached skill level 5 in Maces & Flails
 14058 | D:10     | Found a staircase to the Lair.
 14113 | D:10     | Found a sacrificial altar of Ru.
 14165 | D:10     | Found a shimmering blue altar of Sif Muna.
 14171 | D:10     | Noticed a two-headed ogre
 14174 | D:10     | Killed a two-headed ogre
 14177 | D:10     | Identified the +7 whip of Zotomum {speed, Fly rF+ Dex+4}
 14512 | D:10     | Found an ornate altar of the Wu Jian Council.
 14870 | D:11     | Noticed a two-headed ogre
 14875 | D:11     | Killed a two-headed ogre
 14876 | D:11     | Reached skill level 10 in Fighting
 15027 | D:11     | Found a shadowy altar of Dithmenos.
 15505 | D:11     | Identified the +4 chain mail "Pausoume" {+Blink Will- Dex+3
                  | SInv}
 16271 | D:12     | Reached skill level 13 in Stealth
 16392 | D:12     | Reached XP level 13. HP: 54/83 MP: 13/13
 16427 | D:12     | Reached ***** piety under Trog
 16439 | D:12     | Reached skill level 10 in Dodging
 16725 | D:12     | Found a staircase to the Orcish Mines.
 17503 | Lair:1   | Entered Level 1 of the Lair of Beasts
 17731 | Lair:1   | Found a gate leading to a gauntlet.
 17742 | Gauntlet | Entered a Gauntlet
 17752 | Gauntlet | Found a transporter.
 17763 | Gauntlet | Found a transporter.
 17770 | Gauntlet | Found a transporter.
 17777 | Gauntlet | Found a transporter.
 17807 | Gauntlet | Found a transporter.
 17826 | Gauntlet | Found a transporter.
 17859 | Gauntlet | Found a transporter.
 17888 | Gauntlet | Found a transporter.
 17912 | Gauntlet | Found a transporter.
 17912 | Gauntlet | Found a transporter.
 17930 | Gauntlet | Found a transporter.
 17973 | Gauntlet | Found a transporter.
 18310 | Gauntlet | Identified the ring "Otharaa" {Fly rCorr MP+9 Str+2 Dex-4}
 18699 | Gauntlet | Noticed a minotaur
 18707 | Gauntlet | Killed a minotaur
 18748 | Gauntlet | Reached skill level 14 in Stealth
 19084 | Lair:1   | Noticed Urug
 19087 | Lair:1   | Killed Urug
 20215 | Lair:2   | Found a transporter.
 21177 | Lair:2   | Received a gift from Trog
 21423 | Lair:2   | Reached XP level 14. HP: 90/90 MP: 0/14
 21426 | Lair:2   | Reached skill level 1 in Throwing
 21826 | Lair:2   | Found a transporter.
 22008 | Lair:2   | Found a staircase to the Shoals.
 22097 | Lair:2   | Found a runed translucent door.
 22097 | Lair:2   | Noticed fleeber's ghost (journeyman DjFE)
 22127 | Lair:2   | Killed fleeber's ghost
 23040 | Lair:3   | Identified the +3 scimitar "Worm's Wrath" {pain, rElec}
 23129 | Lair:3   | Reached skill level 10 in Maces & Flails
 23144 | Lair:3   | Reached skill level 15 in Stealth
 23829 | Lair:3   | Found a hole to the Spider Nest.
 25858 | Lair:4   | Found a staircase to the Slime Pits.
 25859 | Lair:4   | Found a viscous altar of Jiyva.
 26922 | Lair:5   | Entered Level 5 of the Lair of Beasts
 26948 | Lair:5   | Reached XP level 15. HP: 75/97 MP: 10/15
 28140 | Lair:5   | Reached skill level 5 in Throwing
 28466 | Lair:5   | Identified the ring of Opaew {rCorr EV+5 Str+2 Int+5}
 29690 | Orc:1    | Entered Level 1 of the Orcish Mines
 29735 | Orc:1    | Received a gift from Trog
 30100 | Orc:1    | Reached skill level 16 in Stealth
 30422 | Orc:2    | Entered Level 2 of the Orcish Mines
 30454 | Orc:2    | Noticed Donald
 30467 | Orc:2    | Killed Donald
 30481 | Orc:2    | Slain by an orc warrior

Illustrated notes

Levels and vault maps discovered:
D:1:      saegor_arrival_simple_e, layout_basic, roderic_lattice_a,
          minmay_pentomino_x4
D:2:      layout_loops_ring, nicolae_ecumenical_snake_handling, serial_shops,
          nicolae_book_shop_shelving, minmay_misc_feat_nine_boxes
D:3:      layout_rooms, st_stairs_9, due_unseen_surprise
D:4:      layout_cave_pods, mainiacjoe_overflow_cross_hatched,
          mainiacjoe_overflow_alcove_2, uniq_grinder
D:5:      layout_gridville, mainiacjoe_overflow_alcove_1,
          mainiacjoe_overflow_large_starburst, minmay_temple_entry_sparse_star
D:6:      layout_gridville, bloody_trog, serial_shops,
          nicolae_shop_bloodbath_and_beyond, minmay_misc_feat_cross,
          uniq_prince_ribbit1, uniq_pikel, uniq_edmund
D:7:      layout_layer_cave, enter_ossuary_4, grunt_ministairs_15,
          minmay_fractal_squares_5, uniq_joseph, uniq_maggie
D:8:      kennysheep_kobold_camp, layout_basic
D:9:      layout_basic, general_overflow_altar, serial_shops, shop,
          dreamdust_wishing_well
D:10:     layout_loops_cross, nicolae_overflow_crystal_walls, lemuel_tele_altar,
          nemelex_xobeh_ov_fountains_minmay, nicolae_ru_the_path_less_chosen,
          dpeg_oklobed_lair, minivault_16, centaur_isle
D:11:     layout_irregular_city, nicolae_dithmenos_shadow_blocks
D:12:     layout_cave_pools, david_orc_3
Temple:   nicolae_temple_bog_church
Lair:1:   layout_gridlike, gauntlet_entry_generic, uniq_urug
Lair:2:   gammafunk_cloud_chamber, layout_concentric_octagons,
          minmay_shoals_entry_beasts, hellmonk_ghost_happy_afterlife,
          grunt_forest_stairs_basic, lemuel_old_faithful, lemuel_fruit_fields,
          grunt_megastairs_2, serial_bayou_shore_a
Lair:3:   layout_regular_city, hellmonk_spider_entry_not_the_bees, minmay_holes,
          serial_bayou_lagoon_a, serial_bayou_lake_a
Lair:4:   layout_cave_pods, slime_entry_1, nicolae_lair_lindhole
Lair:5:   guppyfry_lair_end_dragon, layout_regular_city
Orc:1:    hellmonk_paralyzer, layout_caves
Orc:2:    st_orc_pillars, layout_caves, serial_shops,
          nicolae_shop_tiny_statue_garden, shop, uniq_donald, uniq_erolcha,
          uniq_snorg, uniq_jorgrun

Skill      XL: |  1  2  3  4  5  6  7  8  9 10 11 12 13 14 15 |
---------------+----------------------------------------------+-----
Stealth        | 2 3 4 5 6 8 9 10 12 13 14 15 16 | 16.0
Armour         | 2 3 4 5 6 |  6.0
Dodging        | 3 4 5 7 8 9 11 12 | 12.0
Fighting       | 4 5 6 7 8 9 10 11 12 13 | 13.2
Short Blades   | 5 7 9 10 11 | 11.0
Maces & Flails | 3 4 7 9 10 11 | 11.5
Evocations     | 2 5 6 7 8 |  8.6
Throwing       | 4 5 |  5.0

Action                     |  1- 3 |  4- 6 |  7- 9 | 10-12 | 13-15 || total
---------------------------+-------+-------+-------+-------+-------++-------
  Melee: Short sword       |     6 |       |       |       |    66 ||    72
         Dagger            |    80 |   124 |   353 |   809 |    53 ||  1419
         Punch             |     1 |     1 |     3 |    12 |    24 ||    41
         Flail             |       |       |       |    95 |    79 ||   174
         Whip              |       |       |       |    97 |  1056 ||  1153
         Morningstar       |       |       |       |       |     9 ||     9
   Fire: Sling             |       |       |     2 |       |       ||     2
  Throw: Dart              |       |       |       |     3 |    29 ||    32
 Invoke: Berserk           |       |     2 |     9 |    16 |    16 ||    43
         Trog's Hand       |       |     1 |     6 |     2 |     2 ||    11
         Brothers in Arms  |       |       |       |     1 |     2 ||     3
  Evoke: Wand              |       |       |       |     2 |    11 ||    13
         Phantom mirror    |       |       |       |       |     1 ||     1
    Use: Scroll            |       |     4 |     7 |    12 |    12 ||    35
         Potion            |       |       |       |       |     1 ||     1
   Stab: Sleeping          |    11 |    19 |    17 |    49 |    45 ||   141
         Distracted        |       |       |     2 |     3 |     1 ||     6
 Armour: Leather armour    |    10 |    16 |    22 |       |    39 ||    87
         Ring mail         |       |       |     1 |    16 |       ||    17
         Robe              |       |       |       |    68 |    84 ||   152
  Dodge: Dodged            |    27 |    37 |   112 |   480 |   651 ||  1307
